 Dungeon Crawl Stone Soup version 0.23.2-40-g277498a001 (webtiles) character file.

Game seed: 15316816599834157041

231 Arekeen the Skirmisher (level 5, -1/47 HPs)
             Began as a Minotaur Artificer on Sept 22, 2019.
             Slain by an orc priest
             ... wielding a +0 trident of protection
              (5 damage)
             ... on level 4 of the Dungeon.
             The game lasted 00:17:44 (3305 turns).

Arekeen the Skirmisher (Minotaur Artificer)         Turns: 3305, Time: 00:17:45

Health: -1/47      AC:  8    Str: 18      XL:     5   Next: 72%
Magic:  6/6        EV:  5    Int:  8      God:
Gold:   142        SH:  7    Dex:  8 (10) Spells: 4/4 levels left

rFire    . . .     SeeInvis .   a - +0 short sword
rCold    . . .     Gourm    .   u - +0 shield
rNeg     . . .     Faith    .   y - +0 chain mail
rPois    .         Spirit   .   (helmet restricted)
rElec    .         Reflect  .   (no cloak)
rCorr    .         Harm     .   (no gloves)
MR       .....                  (no boots)
Stlth    ..........             (no amulet)
HPRegen  0.15/turn              (no ring)
MPRegen  0.10/turn              (no ring)

@: no status effects
A: retaliatory headbutt, horns 2
a: no special abilities


You were on level 4 of the Dungeon.
You were not hungry.

You visited 1 branch of the dungeon, and saw 4 of its levels.

You collected 142 gold pieces.

Inventory:

Hand Weapons
 a - a +0 short sword (weapon)
 k - a +0 whip
 n - a +0 short sword
Armour
 b - a +0 leather armour
 l - a +0 buckler
 q - a +0 leather armour
 s - a +0 ring mail
 u - a +0 shield (worn)
 y - a +0 chain mail (worn)
Jewellery
 w - a cursed ring of teleportation {unknown}
Wands
 c - a wand of flame (15)
 d - a wand of enslavement (15)
 e - a wand of random effects (15)
Scrolls
 g - a scroll of immolation {unknown}
 j - a scroll of enchant weapon {unknown}
 m - 2 scrolls of identify {unknown}
 o - 7 scrolls of remove curse {unknown}
 t - 2 scrolls of teleportation {unknown}
Potions
 h - a potion of brilliance {unknown}
 i - a potion of might {unknown}
 p - a potion of heal wounds {unknown}
 r - 2 potions of ambrosia {unknown}
 v - a potion of invisibility {unknown}
 x - a potion of resistance {unknown}
 z - a potion of lignification {unknown}
 B - a potion of curing {unknown}
Comestibles
 f - 7 rations
 A - 4 chunks of flesh


   Skills:
 * Level 4.7 Fighting
 + Level 3.0 Short Blades
 + Level 3.7 Dodging
 - Level 0.7 Stealth
 - Level 3.0 Evocations


You had 4 spell levels left.
You didn't know any spells.
Your spell library was empty.

Dungeon Overview and Level Annotations

Branches:
Dungeon (4/15)
 Temple: D:4-7

Altars:
The Shining One


Innate Abilities, Weirdness & Mutations

You reflexively headbutt those who attack you in melee.
You have a pair of horns on your head.


Message History

You hit the orc priest.
The orc priest is moderately wounded.
The orc priest invokes the aid of Beogh against you.
You barely resist.
You hit the orc priest but do no damage.
The orc priest is moderately wounded.
The orc priest hits you but does no damage.
You hit the orc priest but do no damage.
Your headbutt misses the orc priest.
The orc priest is moderately wounded.
The orc priest hits you with a +0 trident of protection.
* * * LOW HITPOINT WARNING * * *
You hit the orc priest. Your headbutt misses the orc priest.
The orc priest is moderately wounded.
You block the orc priest's attack.
You completely miss the orc priest.
You headbutt the orc priest, but do no damage.
The orc priest is moderately wounded.
The orc priest hits you with a +0 trident of protection.
You die...

....##.########........
.......................
######.########..o....#
.......#### #.......#
..$./.....#####.......#
......................#
#############†#########
#...##########
#...#@§.§..###
+...o...._.#A#
#..÷#.§.§.§###
#...##########
########.## #........#
####....)...#
............##..
....#...........


You could see an angel and an orc priest.

Vanquished Creatures
  A howler monkey (D:3)
  A quasit (D:3)
  A hound (D:4)
  A worker ant (D:4)
  3 adders
  3 worms
  2 dart slugs
  4 leopard geckos
  An orc (D:4)
  A giant cockroach (D:2)
  4 hobgoblins
  7 jackals
  A quokka (D:2)
  A ball python (D:3)
  12 bats
  4 frilled lizards (D:2)
  3 goblins
  A jackal skeleton (D:4)
  10 kobolds
  6 rats
67 creatures vanquished.

Notes
Turn   | Place    | Note
-------+----------+-------------------------------------------
     0 | D:1      | Arekeen the Minotaur Artificer began the quest for the Orb.
     0 | D:1      | Reached XP level 1. HP: 16/16 MP: 1/1
   174 | D:1      | Reached XP level 2. HP: 21/23 MP: 3/3
   391 | D:1      | Reached skill level 2 in Fighting
   948 | D:2      | Reached XP level 3. HP: 29/29 MP: 4/4
  1593 | D:2      | Reached skill level 3 in Fighting
  2099 | D:3      | Reached XP level 4. HP: 21/38 MP: 5/5
  2529 | D:3      | Reached skill level 4 in Fighting
  2529 | D:3      | Reached XP level 5. HP: 27/46 MP: 6/6
  3186 | D:4      | Found a glowing golden altar of the Shining One.
  3213 | D:4      | Noticed an angel
  3305 | D:4      | Slain by an orc priest

Skill      XL: |  1  2  3  4  5 |
---------------+----------------+-----
Evocations     | 3 |  3.0
Fighting       | 2 3 4 |  4.7
Short Blades   | 2 3 |  3.0
Dodging        | 3 |  3.7
Stealth        | |  0.7

Action                   |  1- 3 |  4- 6 || total
-------------------------+-------+-------++-------
Melee: Short sword       |   135 |    91 ||   226
       Headbutt          |    19 |    17 ||    36
       Unarmed           |     1 |       ||     1
 Stab: Distracted        |       |     1 ||     1
  Eat: Chunk             |     2 |     2 ||     4
       Ration            |       |     1 ||     1
Armor: Leather armour    |    35 |    25 ||    60
       Chain mail        |       |    21 ||    21
Dodge: Dodged            |    83 |    34 ||   117
Block: Buckler           |    10 |     4 ||    14
       Shield            |       |    13 ||    13
